 Dungeon Crawl Stone Soup version 0.28.0-47-ge53b351184 (webtiles) character file.

Game seed: 8772305413060782558

18 NinjaNoafa the Skirmisher (level 2, -2/27 HPs)
             Began as a Draconian Monk on Apr 28, 2022.
             Frozen to death by an endoplasm (5 damage)
             ... on level 1 of the Dungeon.
             The game lasted 00:00:52 (721 turns).

NinjaNoafa the Skirmisher (Draconian Monk)           Turns: 721, Time: 00:00:53

Health: -2/27      AC:  4    Str: 11 (13) XL:     2   Next: 51%
Magic:  2/2        EV: 12    Int:  7 (10) God:
Gold:   26         SH:  0    Dex: 12 (13) Spells: 1/1 levels left

rFire   . . .      SeeInvis .   a - +0 falchion
rCold   . . .      Faith    .   (no shield)
rNeg    . . .      Spirit   .   (armour unavailable)
rPois   .          Reflect  .   (helmet restricted)
rElec   .          Harm     .   (no cloak)
rCorr   .          Rampage  .   (no gloves)
Will    .....                   (no boots)
Stlth   ++........              (no amulet)
HPRegen 0.09/turn               (no ring)
MPRegen 0.08/turn               (no ring)

@: slowed, very slow
A: AC +4, unfitting armour, cold-blooded
a: no special abilities


You were on level 1 of the Dungeon.
You visited 1 branch of the dungeon, and saw 1 of its levels.

You collected 26 gold pieces.

Inventory:

Hand Weapons
 a - a +0 falchion (weapon)
Missiles
 c - 39 stones (quivered)
Scrolls
 b - a scroll of fog
 d - a scroll of enchant armour {unknown}
 f - a scroll of enchant weapon {unknown}
 g - a scroll of blinking {unknown}


   Skills:
 * Level 3.6 Fighting
 + Level 3.3 Long Blades
 * Level 3.0 Dodging
 - Level 1.7 Stealth


You had one spell level left.
You didn't know any spells.
Your spell library was empty.

Dungeon Overview and Level Annotations

Branches:
Dungeon (1/15)

Altars:


Innate Abilities, Weirdness & Mutations

Your plain brown scales are hard. (AC +4)
You cannot fit into any form of body armour.
You are cold-blooded and may be slowed by cold attacks.


Message History

Unknown command.
You escape the ball python's grasp.
The ball python bites you but does no damage.
The ball python grabs you. The ball python constricts you.
The endoplasm freezes you.
You are frozen.
You feel as though you will be slow longer.
Unknown command.
It was a potion of degeneration.
There was something very wrong with that liquid.
You feel weakened.
You feel dopey.
You feel clumsy.
The ball python bites you but does no damage.
The ball python constricts you. The endoplasm freezes you.
You are frozen.
The endoplasm hits you.
The ball python bites you but does no damage.
The ball python constricts you.
As you read the scroll labelled JYISTR QOAFOWK, it crumbles to dust.
The scroll dissolves into smoke.
It was a scroll of fog.
The endoplasm hits you but does no damage.
The endoplasm freezes you.
You are frozen.
You feel as though you will be slow longer.
The ball python loses its grip on you. The endoplasm freezes you.
You are frozen.
You feel as though you will be slow longer.
You closely miss the goblin. The ball python barely misses you.
The ball python misses you. The endoplasm hits you.
* * * LOW HITPOINT WARNING * * *
The goblin closely misses you. The ball python closely misses you. x2
The endoplasm hits you but does no damage.
The goblin hits you with a +0 club.
* * * LOW HITPOINT WARNING * * *
The endoplasm completely misses you. The ball python misses you.
The ball python grabs you. The ball python constricts you.
You escape the ball python's grasp.
The endoplasm freezes you.
You are frozen.
You die...

.#.......$....#
...............#
...............#
...##...........
................
.....§§§§.......
###...§Sgg# ......JSJ##
......§§@# ......§§§#
......§..# #.......#### ##
.######.....#### ########.
.......>.......###...##...
########†...##.##..⌠....##
#######...†.# #.....####
.........##.# ##...## #


You could see 2 endoplasms, a hobgoblin, a goblin and 2 ball pythons.

Vanquished Creatures
  4 bats (D:1)
  An endoplasm (D:1)
  A giant cockroach (D:1)
  A goblin (D:1)
  2 hobgoblins (D:1)
  A jackal (D:1)
  A quokka (D:1)
  2 ball pythons (D:1)
  A frilled lizard (D:1)
  3 rats (D:1)
17 creatures vanquished.

Notes
Turn   | Place    | Note
-------+----------+-------------------------------------------
     0 | D:1      | NinjaNoafa the Draconian Monk began the quest for the Orb.
     0 | D:1      | Reached XP level 1. HP: 19/19 MP: 1/1
   328 | D:1      | Reached XP level 2. HP: 14/26 MP: 2/2
   721 | D:1      | Frozen to death by an endoplasm

Illustrated notes

Levels and vault maps discovered:
D:1:      dpeg_cavernosity, layout_basic, minmay_distorted

Skill      XL: |  1  2 |
---------------+-------+-----
Dodging        | 3 |  3.0
Fighting       | |  3.6
Long Blades    | |  3.3
Stealth        | |  1.7

Action                   || total
-------------------------++-------
Melee: Falchion          ||    52
       Tailslap          ||     4
       Punch             ||     1
  Use: Scroll            ||     1
       Potion            ||     1
 Stab: Sleeping          ||     3
Armor: Skin              ||    32
Dodge: Dodged            ||    52
